 Dungeon Crawl Stone Soup version 0.29-a0-275-g389c0b56f3 (webtiles) character file.

Game seed: 10793930931186534997

48 testman the Slasher (level 3, 0/31 HPs)
             Began as a Gnoll Wanderer on Mar 9, 2022.
             Was a Believer of Ashenzari.
             Slain by an adder (1 damage)
             ... on level 3 of the Dungeon.
             The game lasted 00:07:05 (2323 turns).

testman the Slasher (Gnoll Wanderer)                Turns: 2323, Time: 00:07:06

Health: 0/31       AC:  3    Str:  9    XL:     3   Next: 72%
Magic:  7/7        EV: 12    Int: 14    God:    Ashenzari [**....]
Gold:   101        SH:  0    Dex: 12    Spells: 6/7 levels left

rFire   + . .      SeeInvis +   a - +0 long sword "Portent of the Sky" {Fort, Melee} (curse)
rCold   . . .      Faith    .   (no shield)
rNeg    . . .      Spirit   .   d - +0 robe of Supernal Gnosis {Fort, Cun} (curse)
rPois   .          Reflect  .   (no helmet)
rElec   .          Harm     .   (no cloak)
rCorr   +          Rampage  .   b - +0 pair of gloves "Clairvoyant Activism" {Cun, Fort} (curse)
Will    .....                   (no boots)
Stlth   +++.......              (no amulet)
HPRegen 0.10/turn               e - ring of protection from fire
MPRegen 0.10/turn               h - ring of resist corrosion

@: lethally poisoned (0 -> -6)
A: fangs 1, strong nose, distributed training
a: Renounce Religion, Shatter the Chains


You were on level 3 of the Dungeon.
You worshipped Ashenzari.
Ashenzari was pleased with you.
You visited 1 branch of the dungeon, and saw 3 of its levels.

You collected 101 gold pieces.

Inventory:

Hand Weapons
 a - the cursed +0 long sword "Portent of the Sky" (weapon) {Fort, Melee}

   It has a curse which improves the following skills: Fortitude: Armour and
   Shields.
   Melee Combat: Short Blades, Long Blades, Axes, Maces & Flails, Polearms,
   Staves and Unarmed Combat.
Missiles
 f - 46 stones
Armour
 b - the cursed +0 pair of gloves "Clairvoyant Activism" (worn) {Cun, Fort}

   It has a curse which improves the following skills: Cunning: Dodging and
   Stealth.
   Fortitude: Armour and Shields.
 d - the cursed +0 robe of Supernal Gnosis (worn) {Fort, Cun}

   It has a curse which improves the following skills: Fortitude: Armour and
   Shields.
   Cunning:   Dodging and Stealth.
Jewellery
 e - a ring of protection from fire (left hand)
 h - a ring of resist corrosion (right hand)
Scrolls
 g - a scroll of enchant weapon
 i - 2 scrolls of identify
 j - a scroll of immolation
 k - a scroll of amnesia
Potions
 c - a potion of haste
 l - 3 potions of flight


   Skills:
 + Level 4.5 Fighting
 + Level 0.9(1.6) Short Blades
 + Level 4.5(5.7) Long Blades
 + Level 0.9(1.6) Axes
 + Level 0.9(1.6) Maces & Flails
 + Level 0.9(1.6) Polearms
 + Level 0.9(1.6) Staves
 + Level 0.9 Slings
 + Level 0.9 Bows
 + Level 0.9 Crossbows
 + Level 0.9 Throwing
 + Level 2.6(4.7) Armour
 + Level 0.9(2.0) Dodging
 + Level 4.2(6.0) Stealth
 + Level 0.9(2.2) Shields
 + Level 0.9(1.6) Unarmed Combat
 + Level 2.8 Spellcasting
 + Level 0.6 Conjurations
 + Level 0.6 Hexes
 + Level 0.6 Summonings
 + Level 0.6 Necromancy
 + Level 0.6 Translocations
 + Level 2.1 Transmutations
 + Level 0.6 Fire Magic
 + Level 0.6 Ice Magic
 + Level 0.6 Air Magic
 + Level 0.6 Earth Magic
 + Level 0.6 Poison Magic
 + Level 2.7 Invocations
 + Level 0.9 Evocations


You had 6 spell levels left.
You knew the following spells:

 Your Spells              Type           Power      Damage    Failure   Level
a - Sting                 Tmut/Pois      20%        1d4       12%         1

Your spell library contained the following spells:

 Spells                   Type           Power      Damage    Failure   Level
 Poisonous Vapours        Pois/Air       6%         N/A       26%         2
 Spider Form              Tmut/Pois      5%         N/A       36%         3
 Olgreb's Toxic Radiance  Pois           3%         N/A       86%         4


Dungeon Overview and Level Annotations

Branches:
Dungeon (3/15)

Altars:
Ashenzari

Shops:
D:1 =

Portals:
Sewer: D:3


Innate Abilities, Weirdness & Mutations

You have very sharp teeth.
Your uncanny sense of smell can sniff out nearby items.
Your experience applies equally to all skills.


Message History

The ball python bites you but does no damage.
The ball python barely misses you.
You barely miss the ball python. The adder closely misses you.
The ball python bites you.
* * * LOW HITPOINT WARNING * * *
The ball python closely misses you.
You completely miss the ball python. The adder barely misses you.
The ball python closely misses you. x2; The adder bites you.
* * * LOW HITPOINT WARNING * * *
You feel better. The ball python closely misses you. The ball python grabs you.
The ball python constricts you. The adder bites you.
You are poisoned.
The adder poisons you!
The ball python bites you but does no damage.
The ball python constricts you.
* * * LOW HITPOINT WARNING * * *
You closely miss the adder.
The adder is lightly wounded.
You feel sick. The adder barely misses you.
The ball python bites you but does no damage.
The ball python constricts you.
* * * LOW HITPOINT WARNING * * *
The ball python's grasp on you weakens, but your attempt to escape fails.
You feel sick.
The ball python bites you but does no damage.
The ball python constricts you. The adder bites you.
* * * LOW HITPOINT WARNING * * *
You are lethally poisoned!
The adder poisons you!
The giant cockroach bites you but does no damage.
You completely miss the giant cockroach.
* * * LOW HITPOINT WARNING * * *
You feel sick. The ball python loses its grip on you.
The adder bites you but does no damage. The giant cockroach closely misses you.
You hit the giant cockroach.
You bite the giant cockroach, but do no damage.
The giant cockroach is almost dead.
* * * LOW HITPOINT WARNING * * *
You feel sick. The adder closely misses you. The adder bites you.
You die...

.#....#####.....### ..
....#.# #.......# ...
....#.#####.......###...
, ,
....#.#...........#.....
...!#.#...........#.....
g.....#.................,
,
......+.................
......#.................
,
.........#######@S.####+
...##....#≈≈≈≈B#BS.# , ,
...# #...#≈≈∩≈B'S..#, ,
..S# ...#≈≈≈≈≈#...#,,∆ ,
...# ..#######.### ,, *
...# .......... ...#,
......... ** *, ...#
#........ * ,#........#*
, ,


You could see 2 adders, 3 giant cockroaches and a ball python.

Vanquished Creatures
  A worm (D:2)
  A dart slug (D:2)
  4 endoplasms
  2 giant cockroaches
  5 goblins
  3 hobgoblins
  4 jackals (D:2)
  2 quokkas
  6 ball pythons
  3 bats
  A frilled lizard (D:2)
  2 kobolds (D:1)
  4 rats
38 creatures vanquished.

Vanquished Creatures (others)
  2 fungi (D:1)
2 creatures vanquished.

Grand Total: 40 creatures vanquished

Notes
Turn   | Place    | Note
-------+----------+-------------------------------------------
     0 | D:1      | testman the Gnoll Wanderer began the quest for the Orb.
     0 | D:1      | testman set off with the following items: a +0 long sword,
                  | a +0 pair of gloves, a potion of haste, a +0 robe; and the
                  | following spell memorised: Sting; and the following spells
                  | available to memorise: Spider Form
     0 | D:1      | Reached XP level 1. HP: 20/20 MP: 4/4
   230 | D:1      | Reached XP level 2. HP: 26/26 MP: 5/5
   250 | D:1      | Found a faded altar of an unknown god.
   258 | D:1      | Prayed at the altar of an unknown god.
   258 | D:1      | Became a worshipper of Ashenzari the Shackled
   538 | D:1      | Found Vaelam's Jewellery Emporium.
  1097 | D:2      | Reached * piety under Ashenzari
  1331 | D:2      | Reached XP level 3. HP: 31/31 MP: 7/7
  1849 | D:2      | Reached ** piety under Ashenzari
  2267 | D:3      | Noticed a water moccasin
  2298 | D:3      | Found a glowing drain.
  2318 | D:3      | HP: 1/31 [adder (4)]
  2323 | D:3      | HP: 1/31 [poisoned by an adder]
  2323 | D:3      | Slain by an adder

Illustrated notes

Levels and vault maps discovered:
D:1:      minmay_arrival_jagged, layout_basic, ebering_ecumenical_altar_hall,
          serial_shops, shop, chequers_serial_rivers_small_3,
          nicolae_concentric_dashed_squares_wild, serial_park_tiny_1,
          minmay_misc_feat_columns, minmay_shallow_snake_nest
D:2:      layout_basic
D:3:      layout_basic, minitemple, tso_oasis_becter, gup_sewer_entry_glass

Skill      XL: |  1 |
---------------+----+-----
Transmutations | 2 |  2.1
Fighting       | |  4.5
Short Blades   | |  0.9
Long Blades    | |  4.5
Axes           | |  0.9
Maces & Flails | |  0.9
Polearms       | |  0.9
Staves         | |  0.9
Slings         | |  0.9
Bows           | |  0.9
Crossbows      | |  0.9
Throwing       | |  0.9
Armour         | |  2.6
Dodging        | |  0.9
Stealth        | |  4.2
Shields        | |  0.9
Unarmed Combat | |  0.9
Spellcasting   | |  2.8
Conjurations   | |  0.6
Hexes          | |  0.6
Summonings     | |  0.6
Necromancy     | |  0.6
Translocations | |  0.6
Fire Magic     | |  0.6
Ice Magic      | |  0.6
Air Magic      | |  0.6
Earth Magic    | |  0.6
Poison Magic   | |  0.6
Invocations    | |  2.7
Evocations     | |  0.9

Action                   || total
-------------------------++-------
Melee: Long sword        ||   115
       Bite              ||     5
       Punch             ||     1
 Cast: Sting             ||     2
Invok: Curse Item        ||     3
  Use: Potion            ||     2
 Stab: Sleeping          ||     8
Armor: Robe              ||    38
Dodge: Dodged            ||   109

Table legend: (Time is in decaauts)
 A = Elapsed time spent in this place.
 B = Non-inter-level travel time spent in this place.
 C = Inter-level travel time spent in this place.
 D = Time resting spent in this place.
 E = Time spent auto-exploring this place.
 F = Levels seen in this place.
 G = Mean time per level.
                   A        B        C        D        E       F      G
               +--------+--------+--------+--------+--------+-----+--------+
         Total |   2342 |   2261 |     81 |      0 |   1925 |   3 |  780.7 |
       Dungeon |   2342 |   2261 |     81 |      0 |   1925 |   3 |  780.7 |
               +--------+--------+--------+--------+--------+-----+--------+

Top non-repeatable levels by time:
     D:2: 1225 daAuts
     D:1: 1041 daAuts
     D:3: 76 daAuts
